 Dungeon Crawl Stone Soup version 0.22-a0-512-g0943f25 (webtiles) character file.

10549 Ijustatesigmund the Basher (level 11, -11/69 HPs)
             Began as a Gargoyle Fighter on June 18, 2018.
             Was a Believer of the Shining One.
             Mangled by a thrashing horror (19 damage)
             ... on level 2 of the Abyss.
             The game lasted 00:31:15 (11599 turns).

Ijustatesigmund the Basher (Gargoyle Fighter)      Turns: 11599, Time: 00:31:17

Health: -11/69     AC: 16    Str: 29    XL:     11   Next: 63%
Magic:  19/19      EV: 11    Int: 10    God:    the Shining One [**....]
Gold:   449        SH: 11    Dex: 12    Spells: 10/10 levels left

rFire    . . .     SeeInvis .   i - +1 morningstar
rCold    . . .     Gourm    .   c - +0 shield
rNeg     + + .     Faith    .   b - +0 troll leather armour
rPois    ∞         Spirit   .   (no helmet)
rElec    +         Reflect  .   (no cloak)
rCorr    .         Harm     .   e - +2 pair of gloves
MR       .....                  (no boots)
Stlth    +.........             (no amulet)
HPRegen  0.61/turn              h - +5 ring of strength
MPRegen  0.16/turn              y - ring of stealth

@: mighty, very slightly contaminated, glowing
A: negative energy resistance 1, [screaming 2], electricity resistance,
unbreathing, petrification resistance, rot immunity, AC +8
a: Divine Shield, Renounce Religion


You were on level 2 of the Abyss.
You worshipped the Shining One.
The Shining One was pleased with you.
You were not hungry.

You visited 2 branches of the dungeon, and saw 11 of its levels.
You visited the Abyss 1 time.

You collected 629 gold pieces.
You spent 180 gold pieces at shops.

Inventory:

Hand Weapons
 i - a +1 morningstar (weapon)
Armour
 b - a +0 troll leather armour (worn)
 c - a +0 shield (worn)
 e - a +2 pair of gloves (worn)
Jewellery
 h - a +5 ring of strength (left hand)
 v - the amulet "Vozusiol" {Inacc rElec MR+++ SInv Stlth-}
   (You found it on level 7 of the Dungeon)

   [amulet of inaccuracy]

   It reduces the accuracy of all your attacks.
   It insulates you from electricity.
   It affects your resistance to hostile enchantments.
   It lets you see invisible.
   It makes you less stealthy.
 y - a ring of stealth (right hand)
Wands
 g - a wand of flame (19)
 o - a wand of disintegration (13)
 p - a wand of enslavement (9)
 s - a wand of polymorph (10)
Scrolls
 a - 2 scrolls of magic mapping
 k - 6 scrolls of remove curse
 n - a scroll of enchant armour
 u - 2 scrolls of identify
Potions
 d - a potion of flight
 j - 2 potions of curing
 l - a potion of brilliance
 q - 2 potions of lignification
Miscellaneous
 m - a lamp of fire
Comestibles
 f - 19 rations


   Skills:
 - Level 8.9 Fighting
 - Level 10.8 Maces & Flails
 - Level 6.0 Armour
 - Level 3.3 Dodging
 - Level 6.0 Shields
 + Level 10.7 Invocations


You had 10 spell levels left.
You didn't know any spells.
Your spell library contained the following spells:

 Spells                   Type           Power        Failure   Level  Hunger
 Pain                     Necr           #...         80%         1    ##.....
 Ozocubu's Armour         Chrm/Ice       #.......     99%         3    ####...
 Stone Arrow              Conj/Erth      #.....       99%         3    ####...
 Swiftness                Chrm/Air       #.......     90%         2    ###....
 Passwall                 Tmut/Erth      #.......     90%         2    ###....
 Lee's Rapid Deconstruct  Erth           #.........   100%        5    ######.
 Sandblast                Erth           #.....       80%         1    ##.....
 Simulacrum               Ice/Necr       #.........   100%        6    #######
 Petrify                  Tmut/Erth      #.......     100%        4    #####..
 Infusion                 Chrm           #...         80%         1    ##.....
 Borgnjor's Vile Clutch   Necr/Erth      #.........   100%        5    ######.


Dungeon Overview and Level Annotations

Branches:
Dungeon (10/15)            Temple (1/1) D:5
   Lair: D:8-11         Orc: D:9-12

Altars:
Ashenzari
Cheibriados
Dithmenos
Elyvilon
Fedhas
Gozag
Hepliaklqana
Kikubaaqudgha
Makhleb
Nemelex Xobeh
Okawaru
Qazlal
Ru
Sif Muna
Trog
Uskayaw
Vehumet
Wu Jian
Xom
Yredelemnul
Zin
The Shining One

Shops:
D:6 *[*   D:7 }   D:8 *

Annotations:
D:7 exclusion: statue
D:10 Sonja


Innate Abilities, Weirdness & Mutations

You are resistant to torment.
Your stone body is resilient. (AC +8)
You are immune to poison.
You resist negative energy. (rN+)
You are resistant to electric shocks. (rElec)
You can survive without breathing.
You are immune to petrification.
You are immune to rotting.
[You sometimes yell uncontrollably at your foes.]


Message History

The thrashing horror tramples you.
* * * LOW HITPOINT WARNING * * *
You stumble backwards!
You block the thrashing horror's attack. x2
The thrashing horror tramples you.
* * * LOW HITPOINT WARNING * * *
You stumble backwards!
You puncture the thrashing horror!
The thrashing horror is moderately damaged.
You block the thrashing horror's attack. x2
The thrashing horror completely misses you.
The thrashing horror tramples you but does no damage.
A ynoxinul comes into view.
As you read the scroll of fear, it crumbles to dust.
You assume a fearsome visage.
The thrashing horror is unaffected.
The tentacled starspawn is unaffected.
The thrashing horror is unaffected.
The ynoxinul is unaffected.
The wretched star is unaffected.
The thrashing horror roars! x2
The thrashing horror tramples you!!
You die...

# #
##...#...#X....##
#
#.##....#.#.##..#
###. ...3##### .#
.. ##..##..## .#
..# ###*....# # .
#.#X#..# #.#.X.##
#.X...# ##@..##
##...# ....#
....# #..#..
###.$. ..


You could see a tentacled starspawn, a wretched star, 2 thrashing horrors and a
ynoxinul.

Vanquished Creatures
  A great orb of eyes (Abyss:2)
  Erica (D:10)
  A two-headed ogre (D:9)
  Pikel (D:8)
  A gargoyle (D:10)
  A troll (D:10)
  The ghost of Vois the Chopper, an amateur HuFi (D:4)
  A large abomination (Abyss:2)
  A hornet (D:8)
  Sigmund (D:2)
  3 yaks
  A chaos spawn (Abyss:2)
  2 water moccasins (D:8)
  3 ice beasts
  A sky beast (D:6)
  2 black bears
  10 ogres
  5 orc warriors
  6 centaurs
  2 phantoms
  3 bullfrogs
  A gnoll sergeant (D:8)
  5 scorpions
  23 killer bees
  3 crimson imps
  2 howler monkeys
  A centaur zombie (D:9)
  A quasit (D:9)
  2 jellies
  3 bullfrog zombies
  9 orc priests
  6 hounds
  A centaur skeleton (D:9)
  2 gnoll shamans
  A bullfrog skeleton (D:4)
  2 iguanas
  12 orc wizards
  8 worker ants
  A killer bee zombie (D:8)
  A hound zombie (D:6)
  A hound skeleton (D:5)
  19 gnolls
  10 adders
  4 shadow imps
  An ufetubus (Abyss:2)
  3 adder skeletons
  An adder zombie (D:6)
  3 worms
  2 dart slugs (D:1)
  5 leopard geckos
  53 orcs
  A ball python (D:8)
  7 bats
  8 giant cockroaches
  4 goblins
  4 hobgoblins
  2 jackals (D:6)
  3 quokkas
  2 frilled lizards
  5 kobolds
  A quokka skeleton (D:9)
  6 rats
  A butterfly (D:3)
278 creatures vanquished.

Vanquished Creatures (collateral kills)
  An orc (D:8)
1 creature vanquished.

Vanquished Creatures (others)
  A queen bee (D:8)
  4 slaves (D:8)
  3 killer bees
  2 plants (D:10)
  6 starspawn tentacles (Abyss:2)
16 creatures vanquished.

Grand Total: 295 creatures vanquished

Notes
Turn   | Place    | Note
-------+----------+-------------------------------------------
     0 | D:1      | Ijustatesigmund the Gargoyle Fighter began the quest for the Orb.
     0 | D:1      | Reached XP level 1. HP: 14/14 MP: 1/1
    81 | D:1      | Reached XP level 2. HP: 19/19 MP: 2/2
   633 | D:1      | Reached XP level 3. HP: 24/24 MP: 3/3
   771 | D:2      | Noticed Sigmund
   781 | D:2      | Killed Sigmund
   781 | D:2      | Reached XP level 4. HP: 27/30 MP: 4/4
   781 | D:2      | Reached XP level 5. HP: 30/34 MP: 5/5
  1287 | D:3      | Reached skill level 5 in Maces & Flails
  1349 | D:3      | Reached XP level 6. HP: 40/40 MP: 6/6
  1618 | D:3      | Found a shimmering altar of Xom.
  1906 | D:4      | Reached skill level 5 in Fighting
  2284 | D:4      | Found a runed door.
  2297 | D:4      | Noticed Vois's ghost (amateur HuFi)
  2362 | D:4      | Reached XP level 7. HP: 35/44 MP: 7/7
  2808 | D:4      | Found a blossoming altar of Fedhas.
  3826 | D:5      | Entered Level 5 of the Dungeon
  4049 | D:5      | Reached XP level 8. HP: 51/51 MP: 8/8
  4841 | D:5      | Found a staircase to the Ecumenical Temple.
  5374 | Temple   | Entered the Ecumenical Temple
  5818 | D:6      | Reached skill level 5 in Shields
  5853 | D:6      | Reached skill level 5 in Armour
  6088 | D:6      | Found Voiz's Armour Boutique.
  6145 | D:6      | Found Usucs's Assorted Antiques.
  6155 | D:6      | Bought a brown potion for 25 gold pieces
  6155 | D:6      | Bought a smoky red potion for 25 gold pieces
  6155 | D:6      | Bought a scroll of teleportation for 84 gold pieces
  6259 | D:6      | Reached XP level 9. HP: 56/56 MP: 9/9
  6551 | D:6      | Found Lesom's Assorted Antiques.
  6554 | D:6      | Bought a bubbling yellow potion for 23 gold pieces
  6554 | D:6      | Bought a bubbling yellow potion for 23 gold pieces
  6884 | D:7      | Found Zysynnic's Gadget Emporium.
  6894 | D:7      | Found a stormy altar of Qazlal.
  7061 | D:7      | Found a radiant altar of Vehumet.
  7283 | D:7      | Got a fine tin amulet
  7284 | D:7      | Identified the amulet "Vozusiol" {Inacc rElec MR+++ SInv Stlth-} (You found it on level 7 of the Dungeon)
  7425 | D:7      | Identified the Compendium of Augmentations and Dark Secrets
  7553 | D:7      | Found a sacrificial altar of Ru.
  7671 | D:7      | Reached skill level 1 in Dodging
  7856 | D:7      | Found a burning altar of Makhleb.
  7860 | D:7      | Found an opulent altar of Gozag.
  8000 | D:4      | Killed Vois's ghost
  8181 | D:8      | Noticed a hornet
  8193 | D:8      | Killed a hornet
  8339 | D:8      | Found a glowing golden altar of the Shining One.
  8363 | D:8      | Reached XP level 10. HP: 52/64 MP: 10/10
  8370 | D:8      | Reached skill level 10 in Maces & Flails
  8377 | D:8      | Noticed Pikel
  8409 | D:8      | Killed Pikel
  9005 | D:8      | Became a worshipper of the Shining One
  9056 | D:8      | Reached skill level 1 in Invocations
  9356 | D:8      | Found Xawusi's Serpentskin Sales.
  9655 | D:8      | Found an iron altar of Okawaru.
 10104 | D:9      | Reached skill level 5 in Invocations
 10526 | D:9      | Found a shimmering altar of Xom.
 10530 | D:9      | Noticed a two-headed ogre
 10530 | D:9      | Reached * piety under the Shining One
 10541 | D:9      | Killed a two-headed ogre
 10541 | D:9      | Reached XP level 11. HP: 58/69 MP: 14/16
 10601 | D:9      | You fall through a shaft!
 10601 | D:10     | Entered Level 10 of the Dungeon
 10667 | D:10     | Noticed Erica
 10679 | D:10     | Killed Erica
 11077 | D:10     | Noticed Sonja
 11355 | D:10     | Cast into level 2 of the Abyss (Sonja)
 11377 | Abyss:2  | Found a corrupted altar of Lugonu.
 11411 | Abyss:2  | Reached ** piety under the Shining One
 11411 | Abyss:2  | Reached skill level 10 in Invocations
 11430 | Abyss:2  | Noticed a great orb of eyes
 11447 | Abyss:2  | Paralysed by a great orb of eyes for 7 turns
 11459 | Abyss:2  | Killed a great orb of eyes
 11561 | Abyss:2  | Noticed a tentacled starspawn
 11583 | Abyss:2  | Noticed a thrashing horror
 11585 | Abyss:2  | Noticed a thrashing horror
 11587 | Abyss:2  | Noticed a wretched star
 11599 | Abyss:2  | Mangled by a thrashing horror

Vault maps used:
D:1:      doesnt_arrival_eight_statues, minmay_pentomino_q4
D:2:      uniq_sigmund
D:3:      xom_butterflies, kennysheep_generic_room_9
D:4:      fedhas_altar_2, gammafunk_ghost_grave
D:5:      temple_doors_e, first_ration, roderic_serpentine_path
D:6:      serial_shops, shop, nicolae_shop_overgrown_old_shop,
          kennysheep_mini_moat
D:7:      grunt_temple_overflow_open, overflow_temple_1_default, vehumet_statue,
          serial_shops, nicolae_shop_behind_doors
D:8:      lemuel_crystal_altar, basic_altar, david_nohive_1,
          guppyfry_shop_venom, uniq_pikel
D:9:      xom_redecorated
D:10:     serial_bayou_lake_a, uniq_erica, uniq_sonja
Temple:   minmay_temple_curvy_branch

Skill      XL: |  1  2  3  4  5  6  7  8  9 10 11 |
---------------+----------------------------------+-----
Maces & Flails | 3 4 5 6 7 8 9 10 | 10.8
Fighting       | 4 5 6 8 |  8.9
Shields        | 4 5 6 |  6.0
Armour         | 4 5 6 |  6.0
Dodging        | 2 3 |  3.3
Invocations    | 7 10 | 10.7

Action                   |  1- 3 |  4- 6 |  7- 9 | 10-12 || total
-------------------------+-------+-------+-------+-------++-------
Melee: Flail             |    70 |    41 |       |       ||   111
       Morningstar       |       |   169 |   523 |   590 ||  1282
Throw: Tomahawk          |       |       |     3 |       ||     3
Evoke: Wand              |       |       |     2 |    21 ||    23
  Use: Scroll            |     5 |     3 |     9 |     7 ||    24
       Potion            |     2 |       |     5 |     4 ||    11
 Stab: Invisible         |       |       |     3 |       ||     3
  Eat: Chunk             |       |     4 |     9 |     9 ||    22
       Ration            |       |     1 |     3 |     1 ||     5
Armor: Scale mail        |    41 |    26 |       |       ||    67
       Chain mail        |       |   105 |   271 |   291 ||   667
       Troll leather arm |       |       |       |    65 ||    65
Dodge: Dodged            |    26 |    58 |   122 |   279 ||   485
Block: Shield            |    44 |   130 |   302 |   378 ||   854

Table legend:
 A = Spawn XP
 B = Non-spawn XP
 C = Spawn XP percentage of total XP
 D = Spawn monster count
 E = Non-spawn monster count
 F = Spawn count percentage of total count
 G = Total turns spent on level
                    A         B        C        D         E        F      G
               +---------+---------+-------+---------+---------+-------+---------
         Total |    1461 |   13610 |   9.7 |       4 |     276 |   1.4 | 11599
               +---------+---------+-------+---------+---------+-------+---------
           D:1 |       0 |      34 |   0.0 |       0 |      18 |   0.0 |   648
           D:2 |       0 |     273 |   0.0 |       0 |      17 |   0.0 |   676
           D:3 |       0 |      61 |   0.0 |       0 |      15 |   0.0 |   813
           D:4 |       0 |    1065 |   0.0 |       0 |      35 |   0.0 |  1736
           D:5 |       0 |     634 |   0.0 |       0 |      16 |   0.0 |  1746
           D:6 |       0 |     946 |   0.0 |       0 |      33 |   0.0 |  1162
           D:7 |       0 |    1178 |   0.0 |       0 |      33 |   0.0 |  1115
           D:8 |       0 |    3611 |   0.0 |       0 |      54 |   0.0 |  1831
           D:9 |       0 |    2569 |   0.0 |       0 |      25 |   0.0 |  1043
          D:10 |       0 |    3239 |   0.0 |       0 |      30 |   0.0 |   357
       Abyss:2 |    1461 |       0 | 100.0 |       4 |       0 | 100.0 |   244
               +---------+---------+-------+---------+---------+-------+---------
